AoeStats
← TIMVP

MegaRandom

508533515Analyzed
2v2 RM · 9d ago on Sep 22, 2026· 53m 52s· 4 players
Game mode
Random Map
Map size
Medium (4 player)
Population
200
Speed
Normal
Resources
Standard
Victory
Conquest
Starting age
Dark Age
Ending age
Imperial Age
RankedLock teamsTeams togetherTeam positionsShared explorationLock speedFull tech treeHidden civsTurbo modeCheats
Victory
Defeat
🇹🇷 Chinese · Türkiye
757
+15
🇨🇦 Turks · Canada
706
+17
🇵🇪 Romans · Peru
738
-16
🇵🇪 Dravidians · Peru
726
-16
A†ilA
12:31 Feudal Age
12:17 Loom
13:27 Fishing Lines
14:27 Wheelbarrow
14:54 Double-Bit Axe
21:58 Castle Age
26:25 Hand Cart
26:41 Gillnets
30:05 Gold Mining
36:22 Bow Saw
41:50 Imperial Age
39:54 Elite Skirmisher
43:19 Conscription
44:31 Wootz Steel
51:32 Elite Urumi Swordsman
TIMVP
4:53 Loom
12:49 Feudal Age
13:21 Double-Bit Axe
14:22 Wheelbarrow
15:18 Gold Mining
15:15 Horse Collar
25:18 Castle Age
35:21 Hand Cart
34:54 Man-at-Arms
39:48 Long Swordsman
42:48 Ballistics
43:24 Ballistas
48:43 Imperial Age
50:02 Heavy Scorpion
51:20 Capped Ram
by2byka
0:28 Loom
13:27 Feudal Age
13:56 Horse Collar
14:04 Double-Bit Axe
22:39 Castle Age
20:50 Stone Mining
24:06 Bow Saw
27:06 Stone Shaft Mining
27:16 Heavy Plow
27:10 Gold Mining
27:30 Crossbowman
31:42 Gold Shaft Mining
31:41 Elite Skirmisher
32:09 Arson
32:24 Squires
35:26 Wheelbarrow
34:37 Town Watch
38:54 Imperial Age
36:22 Pikeman
37:07 Padded Archer Armor
36:57 Fletching
37:18 Forging
37:09 Scale Mail Armor
38:09 Heated Shot
40:02 Conscription
39:13 Sappers
39:45 Great Wall
41:20 Two-Man Saw
42:03 Hand Cart
43:01 Rocketry
44:07 Chemistry
44:53 Elite Chu Ko Nu
46:23 Town Patrol
47:04 Coinage
46:34 Caravan
47:13 Leather Archer Armor
46:53 Bodkin Arrow
47:34 Iron Casting
47:27 Halberdier
51:06 Banking
aelenon
0:46 Loom
11:51 Feudal Age
14:58 Bloodlines
18:34 Fishing Lines
25:15 Castle Age
26:27 Wheelbarrow
26:34 Stone Mining
27:30 Gillnets
30:50 Hand Cart
37:38 Imperial Age
42:08 Conscription
42:17 Fletching
42:28 Padded Archer Armor
Connection lost

Rejoining the realm…

Still unreachable

The connection could not be restored.

Session expired

The server has moved on; the page needs a fresh start.